 Dungeon Crawl Stone Soup version 0.23-a0-299-g9a66eeb (webtiles) character file.

34 epen the Covered (level 3, -2/26 HPs)
             Began as a Demonspawn Wanderer on Oct 6, 2018.
             Hit by a tomahawk thrown by a gnoll (6 damage)
             ... on level 2 of the Dungeon.
             The game lasted 00:01:37 (1610 turns).

epen the Covered (Demonspawn Wanderer)              Turns: 1610, Time: 00:01:37

Health: -2/26      AC:  6    Str: 17    XL:     3   Next: 14%
Magic:  3/3        EV: 10    Int: 10    God:
Gold:   66         SH:  0    Dex: 11    Spells: 2/2 levels left

rFire    . . .     SeeInvis .     - Unarmed
rCold    . . .     Gourm    .   (no shield)
rNeg     . . .     Faith    .   c - +0 ring mail
rPois    .         Spirit   .   (no helmet)
rElec    .         Reflect  .   (no cloak)
rCorr    .         Harm     .   e - +0 pair of gloves (curse)
MR       .....                  (no boots)
Stlth    ++........             (no amulet)
HPRegen  0.08/turn              (no ring)
MPRegen  0.08/turn              (no ring)

@: no status effects
A: nightstalker 1
a: no special abilities


You were on level 2 of the Dungeon.
You were not hungry.

You visited 1 branch of the dungeon, and saw 2 of its levels.

You collected 66 gold pieces.

Inventory:

Armour
 c - a +0 ring mail (worn)
 e - a cursed +0 pair of gloves (worn)
Scrolls
 a - a scroll of identify {unknown}
 g - a scroll of teleportation {unknown}
 h - a scroll of blinking {unknown}
Potions
 b - a potion of lignification
 d - a potion of ambrosia {unknown}
Comestibles
 f - a ration
 i - 7 chunks of flesh


   Skills:
 + Level 1.0 Fighting
 + Level 3.0 Armour
 + Level 0.9 Dodging
 - Level 2.6 Stealth
   Level 1.0 Shields
 * Level 2.4 Unarmed Combat
   Level 1.0 Evocations


You had 2 spell levels left.
You didn't know any spells.
Your spell library was empty.

Dungeon Overview and Level Annotations

Branches:
Dungeon (2/15)

Altars:


Innate Abilities, Weirdness & Mutations

You are slightly more attuned to the shadows.


Message History

You are too injured to fight recklessly!
You are too injured to fight recklessly!
You are too injured to fight recklessly!
You are too injured to fight recklessly!
You are too injured to fight recklessly!
You are too injured to fight recklessly!
You are too injured to fight recklessly!
You are too injured to fight recklessly!
The gnoll throws a stone.
The stone hits you.
The gnoll throws a tomahawk.
The tomahawk closely misses you.
Things that are here:
a stone; a hobgoblin corpse; a jackal corpse The gnoll throws a stone.
The stone hits you but does no damage.
The gnoll throws a stone.
The stone barely misses you.
You see here 2 stones.
The gnoll throws a stone.
The stone hits you.
* * * LOW HITPOINT WARNING * * *
The gnoll throws a stone.
The stone barely misses you.
The gnoll throws a tomahawk.
The tomahawk hits you.
You die...

...#.........
#...........
##..g.g...###
.....g......
#...g..# #
#..(...#..
#.#(.....#
#..((....##
.#####..@......
..?..........####
......(.....!...
#######....%.##
######......#
#......#.#.##
#.#<.....#.#
#)########.# #.#
#.#


You could see 4 gnolls.

Vanquished Creatures
  3 dart slugs
  3 goblins (D:1)
  5 hobgoblins
  7 jackals
  A frilled lizard (D:2)
  2 kobolds (D:1)
  4 rats (D:1)
25 creatures vanquished.

Notes
Turn   | Place    | Note
-------+----------+-------------------------------------------
     0 | D:1      | epen the Demonspawn Wanderer began the quest for the Orb.
     0 | D:1      | epen set off with: a +0 shield, a potion of lignification,
                  | a +0 ring mail, a +0 club, a +0 dagger, a ration
     0 | D:1      | Reached XP level 1. HP: 13/13 MP: 1/1
   792 | D:1      | Gained mutation: You are slightly more attuned to the
                  | shadows. [demonic ancestry]
   792 | D:1      | Reached XP level 2. HP: 20/20 MP: 2/2
  1413 | D:2      | Reached skill level 1 in Fighting
  1413 | D:2      | Reached skill level 3 in Armour
  1413 | D:2      | Reached XP level 3. HP: 12/26 MP: 3/3
  1610 | D:2      | Hit by a tomahawk thrown by a gnoll

Vault maps used:
D:1:      minmay_arrival_four_loops, serial_corexii_hall,
          corexii_hall_statues_l, corexii_hall_statues_deadend,
          corexii_hall_statues_l, corexii_hall_statues_l

Skill      XL: |  1  2 |
---------------+-------+-----
Unarmed Combat | 2 |  2.4
Fighting       | 1 |  1.0
Armour         | 3 |  3.0
Dodging        | |  0.9
Stealth        | |  2.6
Shields        | |  1.0
Evocations     | |  1.0

Action                   || total
-------------------------++-------
Melee: Unarmed           ||   108
       Punch             ||     2
 Stab: Sleeping          ||     2
  Eat: Chunk             ||     2
Armor: Ring mail         ||    40
Dodge: Dodged            ||    56

Table legend:
 A = Non-vault XP
 B = Vault XP
 C = Vault XP percentage of total XP
 D = Non-vault monster count
 E = Vault monster count
 F = Vault count percentage of total count
                 A         B        C        D         E       F
            +---------+---------+-------+---------+---------+-------
      Total |      49 |       0 |   0.0 |      25 |       0 |   0.0
            +---------+---------+-------+---------+---------+-------
        D:1 |      32 |       0 |   0.0 |      17 |       0 |   0.0
        D:2 |      17 |       0 |   0.0 |       8 |       0 |   0.0
            +---------+---------+-------+---------+---------+-------
